 Dungeon Crawl Stone Soup version 0.16.2-12-gd0ad4c3 (webtiles) character file.

43 musteatbrain the Sneak (level 3, 0/16 HPs)
             Began as a Spriggan Enchanter on Sept 28, 2015.
             Slain by an adder (2 damage)
             ... on level 2 of the Dungeon.
             The game lasted 00:03:02 (1633 turns).

musteatbrain the Sneak (Spriggan Enchanter)         Turns: 1633, Time: 00:03:02

Health: 0/16       AC:  3    Str:  5      XL:     3   Next: 37%
Magic:  9/9        EV: 18    Int: 13 (16) God:
Gold:   38         SH:  0    Dex: 16      Spells: 2 memorised, 4 levels left

rFire  . . .     SeeInvis +     a - +1 dagger
rCold  . . .     Clarity  .     b - +1 robe
rNeg   . . .     SustAb   .     (shield restricted)
rPois  .         Gourm    .     (helmet restricted)
rElec  .         Spirit   .     (no cloak)
rCorr  .         Warding  .     (gloves unavailable)
rMut   .         Stasis   .     (boots unavailable)
MR     .....                    (no amulet)
Stlth  +++.......               (no ring)
                                (no ring)

@: very quick, not resistant to hostile enchantments, fairly stealthy
A: unfitting armour, see invisible, herbivore 3, speed 3, slow metabolism 2
a: no special abilities


You were on level 2 of the Dungeon.
You were not hungry.

You visited 1 branch of the dungeon, and saw 2 of its levels.

You collected 38 gold pieces.

Inventory:

Hand weapons
 a - a +1 dagger (weapon)
Armour
 b - a +1 robe (worn)
Jewellery
 h - a cursed ring of loudness {unknown}
 q - a cursed ring of loudness {unknown}
Scrolls
 i - a scroll of enchant armour {unknown}
 j - a scroll of amnesia {unknown}
 l - 2 scrolls of identify {unknown}
 o - a scroll of teleportation {unknown}
 r - a scroll of remove curse {unknown}
Potions
 f - a potion of resistance {unknown}
 g - 2 potions of restore abilities {unknown}
 k - a potion of curing {unknown}
 m - a potion of magic {unknown}
 n - a potion of cancellation {unknown}
 p - a potion of agility {unknown}
Books
 c - a book of Maledictions

   Spells                             Type                      Level
   a - Corona                         Hexes                        1
   b - Sure Blade                     Hexes/Charms                 2
   c - Ensorcelled Hibernation        Hexes/Ice                    2
   d - Confuse                        Hexes                        3
   e - Dazzling Spray                 Conjuration/Hexes            3
   f - Enslavement                    Hexes                        4
Comestibles
 d - 3 bread rations


   Skills:
 + Level 2.7 Short Blades
 + Level 3.2 Dodging
 + Level 5.5 Stealth
 - Level 2.6 Spellcasting
 - Level 3.6 Hexes


You had 4 spell levels left.
You knew the following spells:

 Your Spells              Type           Power        Failure   Level  Hunger
a - Corona                Hex            ##.....      8%          1    #......
b - Ensorcelled Hibernat  Hex/Ice        #.....       21%         2    ###....


Dungeon Overview and Level Annotations

Branches:
Dungeon (2/15)

Altars:


Innate Abilities, Weirdness & Mutations

You are tiny and cannot use many weapons and most armour.
You have supernaturally acute eyesight.
You are a herbivore.
You cover ground extremely quickly.
You need consume almost no food.


Message History

The adder is severely wounded.
The adder closely misses you.
You hit the adder but do no damage.
The adder is severely wounded.
The adder completely misses you.
You closely miss the adder.
The adder is severely wounded.
The adder barely misses you. The adder bites you.
You closely miss the adder.
The adder is severely wounded.
The adder bites you.
* * * LOW HITPOINT WARNING * * *
You are too injured to fight recklessly!
You are too injured to fight recklessly!
Drink which item? (? for menu, Esc to quit)
It was a potion of degeneration.
There was something very wrong with that liquid.
You feel dopey. The adder bites you.
You die...

# ..# #?# #.# ## #.# . #.# #####
#.#.# ##....
###.#.##############..... ####
#..#....@S.....#.........
)..######.#.#.####.###.#.###<....
.#.†......#(........##....###...#
...#######....####..##....÷###.##
#.## ##.#.#.###.#.#.......##.#
#.# ##.##>#..#.###.........#.#
#.# #..)....#.#.#.....÷......#
#.# ##.#...#.##..#.........###
#.# #...#......###........#


You could see an adder.

Vanquished Creatures
  2 adders (D:2)
  A giant cockroach (D:2)
  5 goblins (D:1)
  2 hobgoblins (D:2)
  4 kobolds
  A ball python (D:2)
  5 bats
  2 giant geckos
  A giant newt (D:1)
  A quokka (D:2)
  2 rats (D:1)
26 creatures vanquished.

Notes
Turn   | Place    | Note
--------------------------------------------------------------
     0 | D:1      | musteatbrain, the Spriggan Enchanter, began the quest for the Orb.
     0 | D:1      | Reached XP level 1. HP: 9/9 MP: 4/4
   349 | D:1      | Reached XP level 2. HP: 13/13 MP: 7/7
   838 | D:1      | Learned a level 2 spell: Ensorcelled Hibernation
   992 | D:2      | Reached skill level 5 in Stealth
  1205 | D:2      | Reached XP level 3. HP: 16/16 MP: 9/9
  1633 | D:2      | Slain by an adder

Action                   || total
-------------------------++-------
Melee: Dagger            ||   109
 Cast: Ensorcelled Hiber ||     1
       Corona            ||     1
  Use: Potion            ||     1
 Stab: Sleeping          ||     9
